[Event "Titled Tuesday Blitz March 01 Early 2022"]
[White "Terzi, Alexei"]
[Black "Kirillov, Dmitry"]
[WhiteFideId "13505076"]
[BlackFideId "34180572"]
[WhiteElo "2031"]
[BlackElo "2076"]
[Result "1-0"]
[Round "05"]
[TimeControl "180+1"]
[Date "2022.03.01"]
[WhiteClock "0:00:21"]
[BlackClock "0:00:03"]

1. e4 c5 2. Nc3 e6 3. f4 d5 4. Nf3 dxe4 5. Nxe4 Nc6 6. Bb5 Bd7 7. O-O Be7 8. Qe2 Nf6 9. Nxf6+ Bxf6 10. Bxc6 Bxc6 11. f5 O-O 12. fxe6 fxe6 13. Qxe6+ Kh8 14. d3 Bxf3 15. Rxf3 Bd4+ 16. Kh1 Rxf3 17. gxf3 Qh4 18. Be3 Qh5 19. Bxd4 Qxf3+ 20. Kg1 cxd4 21. Rf1 Qh5 22. Qf7 Qg5+ 23. Kh1 h6 24. Qxb7 Re8 25. Qg2 Qh5 26. Rg1 Qf7 27. c3 Qf6 28. c4 Re3 29. c5 Rf3 30. c6 Rf2 31. c7 Rxg2 32. c8=Q+ Kh7 33. Kxg2 Qg5+ 34. Kh1 Qd5+ 35. Rg2 Qf3 36. Qc1 h5 37. Qd2 h4 38. Qe2 Qf6 39. Qe4+ Kh8 40. Rg1 g5 41. Rc1 Kg7 42. Rc7+ 1-0


[Site "https://www.chess.com"]

[Event "Titled Tuesday Blitz March 01 Early 2022"]
[White "Topalov, Aleksandar"]
[Black "Pajeken, Jakob Leon"]
[WhiteFideId "925659"]
[BlackFideId "12942839"]
[WhiteElo "2098"]
[BlackElo "2351"]
[Result "1-0"]
[Round "05"]
[TimeControl "180+1"]
[Date "2022.03.01"]
[WhiteClock "0:01:06"]
[BlackClock "0:01:33"]

1. b3 Nf6 2. Bb2 d5 3. Nf3 Bg4 4. g3 Nbd7 5. Bg2 c6 6. O-O e6 7. d3 Bd6 8. Nbd2 O-O 9. e4 Qc7 10. Qe1 e5 11. Nh4 h6 12. h3 Be6 13. Nf5 Bxf5 14. exf5 a5 15. a3 Rfe8 16. g4 Qb6 17. Rb1 e4 18. dxe4 dxe4 19. Nc4 Qc7 20. Rd1 Bf4 21. Qc3 b5 22. Rxd7 Qxd7 23. Nb6 Qc7 24. Nxa8 Rxa8 25. Bxe4 Re8 26. Bxc6 Rc8 27. Qf3 Qxc6 28. Qxf4 Qxc2 29. Bxf6 gxf6 30. Qxh6 Qb2 31. g5 fxg5 32. f6 1-0


[Site "https://www.chess.com"]

[Event "Titled Tuesday Blitz March 01 Early 2022"]
[White "Urazayev, Arystanbek"]
[Black "Wachinger, Guenther"]
[WhiteFideId "13709810"]
[BlackFideId "4604261"]
[WhiteElo "2321"]
[BlackElo "2212"]
[Result "1-0"]
[Round "05"]
[TimeControl "180+1"]
[Date "2022.03.01"]
[WhiteClock "0:01:19"]
[BlackClock "0:00:58"]

1. e4 c5 2. Nf3 d6 3. d4 cxd4 4. Nxd4 Nf6 5. Nc3 g6 6. f3 Bg7 7. Be3 O-O 8. Qd2 Nc6 9. O-O-O d5 10. Qe1 e5 11. Nxc6 bxc6 12. exd5 Nxd5 13. Bc4 Be6 14. Ne4 Qc7 15. Bc5 Rfd8 16. Qh4 h6 17. g4 f5 18. gxf5 gxf5 19. Ng3 Qf7 20. Nh5 Bh8 21. Rhg1+ Kh7 22. Rd2 Nf6 23. Bxe6 Qxe6 24. Rdg2 Rd7 25. Nxf6+ Qxf6 26. Qh5 e4 27. c3 Rad8 28. fxe4 fxe4 29. Be3 Bg7 30. Rg6 Rd1+ 31. Kc2 Qf8 32. Rxg7+ Qxg7 33. Rxg7+ Kxg7 34. Qxd1 Rd2+ 35. Qxd2 1-0


[Site "https://www.chess.com"]

[Event "Titled Tuesday Blitz March 01 Early 2022"]
[White "Van Foreest, Jorden"]
[Black "Nasyrova, Ekaterina"]
[WhiteFideId "1039784"]
[BlackFideId "44157797"]
[WhiteElo "2609"]
[BlackElo "2068"]
[Result "1-0"]
[Round "05"]
[TimeControl "180+1"]
[Date "2022.03.01"]
[WhiteClock "0:01:14"]
[BlackClock "0:00:03"]

1. b3 d5 2. Bb2 Nf6 3. g3 e6 4. Bg2 Bd6 5. Nf3 O-O 6. c4 Nbd7 7. O-O b6 8. Nc3 a6 9. cxd5 exd5 10. Nd4 Bb7 11. Nf5 Bc5 12. Rc1 Re8 13. e3 Bf8 14. Ne2 Ne5 15. Nf4 g6 16. Nd4 Bg7 17. d3 c5 18. Nde2 Qd7 19. d4 cxd4 20. Bxd4 b5 21. Nc3 b4 22. Na4 Bc6 23. Nb6 Qb7 24. Nxa8 Qxa8 25. Qd2 Ne4 26. Qxb4 Bb5 27. Rfd1 Nc6 28. Rxc6 Bxc6 29. Bxg7 Kxg7 30. Qd4+ f6 31. Nxd5 Bxd5 32. Qxd5 Qxd5 33. Rxd5 Nc3 34. Ra5 Re6 35. Bf1 Rd6 36. Rxa6 Rd1 37. a4 Rd2 38. Ra7+ Kh6 39. Re7 f5 40. a5 Rb2 41. a6 Rxb3 42. a7 Ra3 43. h4 Ne4 44. Bc4 Nd6 45. Bd5 Nc8 46. Rc7 Nxa7 47. Bg8 Kh5 48. Rxh7+ Kg4 49. Kg2 1-0


[Site "https://www.chess.com"]

[Event "Titled Tuesday Blitz March 01 Early 2022"]
[White "Van den Dikkenberg, Erik"]
[Black "Winkels, Marcel"]
[WhiteFideId "1005880"]
[BlackFideId "1003887"]
[WhiteElo "2118"]
[BlackElo "1900"]
[Result "1-0"]
[Round "05"]
[TimeControl "180+1"]
[Date "2022.03.01"]
[WhiteClock "0:00:12"]
[BlackClock "0:00:10"]

1. e4 c5 2. Be2 d6 3. f4 Nf6 4. d3 g6 5. Nf3 Bg7 6. O-O O-O 7. Qe1 Nc6 8. Qh4 Nd4 9. Bd1 Nxf3+ 10. Bxf3 Rb8 11. Nd2 b5 12. h3 b4 13. Kh1 a5 14. Bd1 a4 15. Nf3 a3 16. Rb1 Be6 17. b3 Bd7 18. f5 Re8 19. Bh6 Bh8 20. Ng5 d5 21. e5 Nh5 22. Bxh5 gxh5 23. Nxf7 Qc7 24. Nxh8 Kxh8 25. e6 Bc6 26. Rbe1 Rg8 27. f6 exf6 28. Qxf6+ Rg7 29. Bxg7+ Qxg7 30. Qxg7+ Kxg7 31. Rf7+ Kg8 32. Rc7 Ba8 33. e7 Re8 34. Re5 Kf7 35. Rxh5 d4 36. Rxh7+ Kg6 37. Rh4 Bd5 38. Rxc5 Be6 39. Re4 Bf5 40. Ree5 Bd7 41. Rcd5 Bc6 42. Rxd4 Kf6 43. Re3 Rxe7 44. Rxe7 Kxe7 45. Rxb4 Ke6 46. Rb6 Kd5 47. Rxc6 Kxc6 48. c3 Kc5 49. h4 Kd5 50. h5 Ke5 51. h6 Kf6 52. d4 Kg6 53. Kh2 Kxh6 54. Kg3 Kg6 55. Kf4 Kf6 56. g4 Ke6 57. Ke4 Kd6 58. d5 Kc5 59. c4 Kb4 60. g5 Kc3 61. g6 Kb2 62. g7 Kxa2 63. g8=Q Kxb3 64. Qa8 a2 65. c5 Kb2 66. Qxa2+ Kxa2 67. c6 Kb3 68. c7 Kc4 69. c8=Q+ Kb3 70. d6 1-0


[Site "https://www.chess.com"]

[Event "Titled Tuesday Blitz March 01 Early 2022"]
[White "Vantika, Agrawal"]
[Black "Reprintsev, Alexander"]
[WhiteFideId "25050389"]
[BlackFideId "14100541"]
[WhiteElo "2075"]
[BlackElo "2126"]
[Result "0-1"]
[Round "05"]
[TimeControl "180+1"]
[Date "2022.03.01"]
[WhiteClock "0:00:01"]
[BlackClock "0:00:15"]

1. e4 d5 2. exd5 Qxd5 3. d4 Nc6 4. Nf3 Bg4 5. Be2 O-O-O 6. c4 Qf5 7. Be3 Bxf3 8. Bxf3 Nxd4 9. Bxd4 Qe6+ 10. Be2 c5 11. O-O cxd4 12. Na3 Qd7 13. c5 e5 14. Rc1 Ne7 15. Nb5 Nc6 16. Bc4 Bxc5 17. Bxf7 Qxf7 18. Rxc5 Kb8 19. Qa4 a6 20. Na3 Rc8 21. Nc4 Na7 22. Nxe5 Qe6 23. Qxd4 Rxc5 24. Nd7+ Ka8 25. Nxc5 Qxa2 26. Re1 Qf7 27. h3 Nc6 28. Qd6 Rd8 29. Qg3 g6 30. Qc3 Re8 31. Ra1 Qd5 32. b4 Qd4 33. Qxd4 Nxd4 34. Rd1 Nc6 35. Rd7 Rb8 36. b5 axb5 37. Rd2 Rc8 38. Nd7 Nb4 39. Rd1 Rc2 0-1


[Site "https://www.chess.com"]

[Event "Titled Tuesday Blitz March 01 Early 2022"]
[White "Viani Antonio Dcunha"]
[Black "Eynullayev, Altay"]
[WhiteFideId "5027330"]
[BlackFideId "13413562"]
[WhiteElo "2366"]
[BlackElo "2079"]
[Result "1-0"]
[Round "05"]
[TimeControl "180+1"]
[Date "2022.03.01"]
[WhiteClock "0:00:06"]
[BlackClock "0:00:08"]

1. e4 c5 2. Nf3 e6 3. d4 cxd4 4. Nxd4 Nc6 5. Nc3 a6 6. Be3 Nf6 7. Nxc6 bxc6 8. e5 Nd5 9. Nxd5 cxd5 10. Bd3 d6 11. exd6 Bxd6 12. Qh5 g6 13. Qh6 Be5 14. O-O Qe7 15. c3 a5 16. Rfe1 Bf6 17. Rad1 Ba6 18. Bc2 Bb5 19. Bd4 O-O-O 20. a4 Bc6 21. b4 Bxd4 22. Rxd4 e5 23. bxa5 Qd6 24. Rb4 Rhe8 25. Rb6 Qc5 26. Qe3 Qxe3 27. fxe3 Ba8 28. Reb1 Kc7 29. Bd3 Re6 30. Kf2 Rdd6 31. Rb8 Bc6 32. a6 Rd8 33. a7 Ree8 34. Rxd8 Rxd8 35. c4 Ra8 36. cxd5 Bxd5 37. Rb5 Bc6 38. Rxe5 Kd6 39. Ra5 Kc7 40. Bb5 Bb7 41. Bc4 f5 42. Bd5 Kb6 43. Rb5+ 1-0


[Site "https://www.chess.com"]

[Event "Titled Tuesday Blitz March 01 Early 2022"]
[White "Vifleemskaia, Svetlana"]
[Black "Gaehwiler, Gabriel"]
[WhiteFideId "4129490"]
[BlackFideId "1314530"]
[WhiteElo "1901"]
[BlackElo "2383"]
[Result "0-1"]
[Round "05"]
[TimeControl "180+1"]
[Date "2022.03.01"]
[WhiteClock "0:00:01"]
[BlackClock "0:00:49"]

1. d4 Nf6 2. c4 g6 3. Nc3 Bg7 4. e4 O-O 5. Nge2 d6 6. Ng3 e5 7. d5 a5 8. Be2 Na6 9. O-O Nc5 10. Be3 b6 11. Qd2 h5 12. Bg5 Qd7 13. h3 Nh7 14. Bh6 Qe7 15. Bxg7 Kxg7 16. Bd3 Bd7 17. Rae1 Ng5 18. Bc2 Bxh3 19. f4 exf4 20. Qxf4 Nd7 21. Kh2 Bg4 22. Bd1 Qe5 23. Nb5 Qxf4 24. Rxf4 Bxd1 25. Rxd1 Rac8 26. Ne2 Ne5 27. b3 Rfe8 28. Kg3 Nd7 29. Nec3 Nc5 30. Rd4 Re7 31. Na7 Rce8 32. Nc6 Re5 33. Nb5 Ngxe4+ 34. Kh2 f5 35. Nxc7 Nc3 36. Nxe8+ Rxe8 37. Rf1 Re2 38. Rf3 Nxa2 39. b4 Nxb4 40. Nxb4 axb4 41. Rd1 b3 42. Rb1 Rc2 43. Kg3 Rxc4 0-1


[Site "https://www.chess.com"]

[Event "Titled Tuesday Blitz March 01 Early 2022"]
[White "Viskelis, Darius"]
[Black "Valle Maytin, Luis Enrique"]
[WhiteFideId "12800830"]
[BlackFideId "3503666"]
[WhiteElo "1999"]
[BlackElo "2043"]
[Result "1/2-1/2"]
[Round "05"]
[TimeControl "180+1"]
[Date "2022.03.01"]
[WhiteClock "0:00:06"]
[BlackClock "0:00:21"]

1. e4 c6 2. d4 d5 3. exd5 cxd5 4. c4 Nf6 5. Nc3 g6 6. cxd5 Bg7 7. Bb5+ Bd7 8. Bxd7+ Nbxd7 9. d6 O-O 10. dxe7 Qxe7+ 11. Nge2 Nb6 12. O-O Rad8 13. Be3 Ne4 14. Nxe4 Qxe4 15. Rc1 Qe6 16. b3 Nd5 17. Bg5 Rd7 18. Re1 Qg4 19. Qd2 h5 20. h3 Qe6 21. Ng3 Qa6 22. Ne4 b6 23. Bh6 Qb7 24. Bxg7 Kxg7 25. Ng3 Nf6 26. Qg5 Nh7 27. Qe5+ Kg8 28. Ne4 Rd5 29. Qf4 Rf5 30. Qg3 Qd5 31. Rcd1 Ng5 32. Nxg5 Rxg5 33. Qh2 Kg7 34. h4 Rg4 35. Qe5+ Qxe5 36. dxe5 Rxh4 37. Rd7 a5 38. Rb7 Rb4 39. e6 Re8 40. Rxf7+ Kg8 41. Rb7 a4 42. bxa4 Rxa4 43. e7 Rxa2 44. Rxb6 Kf7 45. Rb3 Rxe7 46. Rf3+ Ke8 47. Rc1 Ra8 48. Kh2 Re6 49. Rc5 Ra7 50. Rg3 Ke7 51. Rf3 Rf6 52. Re5+ Kf7 53. Rxf6+ Kxf6 54. f4 Re7 55. Rxe7 Kxe7 56. Kg3 Kf6 57. Kh4 Kf7 58. Kg5 Kg7 59. g3 Kf7 60. Kh6 Kf6 61. Kh7 Kf5 62. Kg7 g5 63. fxg5 Kxg5 64. Kh7 Kf5 65. Kh6 Kg4 66. Kg6 h4 67. gxh4 Kxh4 1/2-1/2


[Site "https://www.chess.com"]

[Event "Titled Tuesday Blitz March 01 Early 2022"]
[White "Vlassov, Nikolai"]
[Black "Durarbayli, Vasif"]
[WhiteFideId "4103360"]
[BlackFideId "13402935"]
[WhiteElo "2407"]
[BlackElo "2528"]
[Result "1/2-1/2"]
[Round "05"]
[TimeControl "180+1"]
[Date "2022.03.01"]
[WhiteClock "0:00:13"]
[BlackClock "0:00:05"]

1. e4 c5 2. c3 d5 3. exd5 Qxd5 4. d4 Nf6 5. Nf3 e6 6. a3 Nc6 7. Be3 cxd4 8. cxd4 Be7 9. Nc3 Qd6 10. Qc2 O-O 11. Bd3 b6 12. Ne4 Nxe4 13. Bxe4 Bb7 14. Bxh7+ Kh8 15. Be4 Rac8 16. Qe2 f5 17. Bc2 Bf6 18. Rd1 Ne7 19. Bb3 Bd5 20. Bxd5 Nxd5 21. O-O Rc6 22. Rc1 Rfc8 23. Rxc6 Qxc6 24. Bg5 Bxg5 25. Nxg5 Nf4 26. Qf3 Qxf3 27. gxf3 Rc2 28. Re1 Rxb2 29. Nxe6 Nh3+ 30. Kg2 Nxf2 31. Kg3 Nd3 32. Re3 Rd2 33. f4 Kh7 34. h3 Kg6 35. Ng5 Nxf4 36. Kxf4 Rxd4+ 37. Ke5 Ra4 38. Ne6 Ra5+ 39. Kd6 Kf6 40. Nc7 f4 41. Re8 g5 42. Rf8+ Kg6 43. Ne6 Rxa3 44. Rg8+ Kf6 45. Nxg5 Rd3+ 46. Kc6 Kf5 47. h4 Kg4 48. Ne6+ Kxh4 49. Nxf4 Rc3+ 50. Kb7 Rc5 51. Kxa7 Rf5 52. Ne6 b5 53. Nd4 Rd5 54. Nf3+ Kh5 55. Kb6 Rf5 56. Nd4 Rf6+ 57. Kxb5 Rf1 58. Kc5 Kh6 59. Kd5 Rd1 60. Rg2 Kh5 61. Ke5 Re1+ 62. Kf4 Rf1+ 63. Nf3 Kh6 64. Kg4 Kg7 65. Kf5+ Kf7 66. Rg3 Ke7 67. Ke5 Kd7 68. Kd5 Rd1+ 69. Nd4 Ke7 70. Rf3 Rd2 71. Rf5 Rd1 72. Rf4 Kd7 73. Rf7+ Ke8 74. Ra7 Kf8 75. Ke5 Ke8 76. Nf5 Kd8 77. Nd6 Re1+ 78. Kd5 Rd1+ 79. Kc5 Rc1+ 80. Nc4 Ke8 81. Kd5 Kd8 82. Ne5 Kc8 83. Rh7 Kd8 84. Kd6 Kc8 85. Nc6 Rd1+ 86. Kc5 Rc1+ 87. Kd5 Rd1+ 88. Nd4 Rc1 89. Ke6 Rd1 90. Nb5 Kb8 91. Nd6 Rd2 92. Kd7 Rc2 93. Rh8+ Ka7 94. Rh3 Kb6 95. Rb3+ Kc5 96. Rb8 Kd4 97. Rc8 Rxc8 98. Nxc8 1/2-1/2


[Site "https://www.chess.com"]

[Event "Titled Tuesday Blitz March 01 Early 2022"]
[White "Warmerdam, Max"]
[Black "Sadhwani, Raunak"]
[WhiteFideId "1048104"]
[BlackFideId "35093487"]
[WhiteElo "2875"]
[BlackElo "2984"]
[Result "0-1"]
[Round "05"]
[TimeControl "180+1"]
[Date "2022.03.01"]
[WhiteClock "0:00:09"]
[BlackClock "0:00:21"]

1. e4 e5 2. Nf3 Nc6 3. Bb5 Nge7 4. Nc3 Ng6 5. d4 exd4 6. Nxd4 Bc5 7. Nf3 O-O 8. O-O d6 9. h3 a6 10. Bxc6 bxc6 11. Nd4 Bd7 12. Be3 Re8 13. Nf5 Bxe3 14. Nxe3 Qg5 15. Kh1 Rab8 16. b3 h5 17. Qe2 a5 18. Rae1 h4 19. f4 Nxf4 20. Qf3 Nh5 21. Qxf7+ Kh8 22. Qxd7 Ng3+ 23. Kg1 Nxf1 24. Nxf1 Qc5+ 25. Re3 Rf8 26. Nd1 Rf4 27. e5 Rbf8 28. e6 Rxf1+ 29. Kh2 Qf5 0-1


[Site "https://www.chess.com"]

[Event "Titled Tuesday Blitz March 01 Early 2022"]
[White "Weetik, Vjacheslav"]
[Black "Danielian, Vardan"]
[WhiteFideId "4153472"]
[BlackFideId "13301594"]
[WhiteElo "2469"]
[BlackElo "2486"]
[Result "1/2-1/2"]
[Round "05"]
[TimeControl "180+1"]
[Date "2022.03.01"]
[WhiteClock "0:00:05"]
[BlackClock "0:00:13"]

1. d4 Nf6 2. Nf3 g6 3. Bg5 Bg7 4. Nbd2 d5 5. e3 O-O 6. Be2 c5 7. c3 cxd4 8. exd4 Nc6 9. O-O Bf5 10. Re1 Re8 11. a4 h6 12. Bh4 Ne4 13. Nxe4 dxe4 14. Nd2 g5 15. Bg3 e5 16. Nc4 exd4 17. Nd6 Bg6 18. Nxe8 Qxe8 19. cxd4 Nxd4 20. Bf1 Rd8 21. Kh1 f5 22. Bc4+ Kh7 23. h3 f4 24. Bh2 e3 25. fxe3 Nf5 26. Qf3 Nxe3 27. Bxf4 gxf4 28. Qxf4 Rd4 29. Qxe3 Qxe3 30. Rxe3 Rxc4 31. Re7 Be4 32. Rd1 Bc6 33. Rf1 Rc2 34. Rff7 Rxg2 35. h4 h5 36. b4 Rf2+ 37. Kg1 Rxf7 38. Rxf7 Bxa4 39. Rxb7 a6 40. Kf1 Bb5+ 41. Kf2 Kg6 42. Kg3 Bc3 43. Rb6+ Kh7 44. Rb7+ Kg6 45. Rb6+ Kf5 46. Rh6 Bxb4 47. Rxh5+ Kg6 48. Rg5+ Kh6 49. Rd5 Be2 50. Kf2 Bh5 51. Kg3 a5 52. Rb5 Be2 53. Rb6+ Kg7 54. Kf4 Bd2+ 55. Ke4 Bb4 56. Kf5 Bc5 57. Rc6 Bd3+ 58. Kg5 Be3+ 59. Kg4 Be2+ 60. Kf5 Bd3+ 61. Kg4 Be2+ 62. Kf5 Bd3+ 63. Kg4 1/2-1/2


[Site "https://www.chess.com"]

[Event "Titled Tuesday Blitz March 01 Early 2022"]
[White "Wong, Yinn Long"]
[Black "Jaferian, Koosha"]
[WhiteFideId "5707684"]
[BlackFideId "12507440"]
[WhiteElo "2055"]
[BlackElo "2027"]
[Result "0-1"]
[Round "05"]
[TimeControl "180+1"]
[Date "2022.03.01"]
[WhiteClock "0:00:07"]
[BlackClock "0:00:05"]

1. Nf3 d5 2. e3 c5 3. b3 Nc6 4. Bb2 a6 5. d4 cxd4 6. Nxd4 Nf6 7. c4 e6 8. cxd5 Nxd4 9. Qxd4 Nxd5 10. Nc3 Nxc3 11. Qxd8+ Kxd8 12. Bxc3 f6 13. Be2 Ke7 14. O-O-O Bd7 15. Bf3 Rc8 16. Kb2 Bc6 17. Bxc6 Rxc6 18. Rd3 Kf7 19. Rd7+ Kg6 20. Rxb7 Bd6 21. Rd1 Rhc8 22. Rd7 Rxc3 23. R7xd6 Rc2+ 24. Ka3 Rxf2 25. R1d2 Rxd2 26. Rxd2 Rc6 27. Kb4 Kf5 28. Rd4 Rc2 29. g4+ Ke5 30. a4 Rxh2 31. Ka5 Re2 32. Kxa6 Rxe3 33. Rb4 f5 34. gxf5 exf5 35. Kb7 f4 36. a5 f3 37. Rb5+ Ke6 38. Rb6+ Ke7 39. a6 f2 40. a7 f1=Q 41. a8=Q Qf3+ 42. Rc6 Rxb3+ 43. Kc7 Qf4+ 44. Kc8 Qf8+ 45. Kc7 Qxa8 46. Re6+ Kf7 47. Re7+ Kf6 48. Re6+ Kf5 49. Re5+ Kxe5 0-1


[Site "https://www.chess.com"]

[Event "Titled Tuesday Blitz March 01 Early 2022"]
[White "Yuan, Qingyu"]
[Black "Pinheiro, Iung Alicio de O."]
[WhiteFideId "8609772"]
[BlackFideId "2104350"]
[WhiteElo "2359"]
[BlackElo "2538"]
[Result "0-1"]
[Round "05"]
[TimeControl "180+1"]
[Date "2022.03.01"]
[WhiteClock "0:00:00"]
[BlackClock "0:00:17"]

1. e4 c5 2. Nf3 Nc6 3. d4 cxd4 4. Nxd4 Nf6 5. Nc3 d6 6. Bg5 e6 7. Qd3 a6 8. O-O-O Nxd4 9. Qxd4 Bd7 10. f4 h6 11. Bxf6 Qxf6 12. e5 Qd8 13. exd6 Bc6 14. Bc4 Qf6 15. Rhe1 O-O-O 16. Qe5 Rd7 17. g3 Qd8 18. Ne4 Bxe4 19. Qxe4 Rxd6 20. Bxa6 bxa6 21. Qa8+ Kd7 22. Qxa6 Qc7 23. f5 Be7 24. fxe6+ fxe6 25. Qe2 Bg5+ 26. Kb1 Rxd1+ 27. Rxd1+ Ke7 28. Qe4 Rb8 29. Qd3 Bf6 30. b3 Rd8 31. Qxd8+ Qxd8 32. Rxd8 Kxd8 33. c4 Kc7 34. b4 Kc6 35. Kc2 g5 36. a4 Bd4 37. Kd3 Bg1 38. h3 Bf2 39. g4 Be1 40. b5+ Kc5 41. Ke4 Bc3 42. a5 Bxa5 43. Ke5 Kxc4 44. Kxe6 Kxb5 45. Kf7 Kc5 46. Kg7 Bd8 47. Kxh6 Kd5 48. Kh5 Ke5 49. Kg6 Kf4 50. Kf7 Kg3 51. Ke8 Kxh3 52. Kxd8 Kxg4 53. Ke7 Kf3 54. Kf6 g4 55. Kf7 g3 0-1


[Site "https://www.chess.com"]

[Event "Titled Tuesday Blitz March 01 Early 2022"]
[White "Yushko, Olga"]
[Black "Desideri, Ricardo Maruchi"]
[WhiteFideId "14114500"]
[BlackFideId "2110440"]
[WhiteElo "2028"]
[BlackElo "1945"]
[Result "1-0"]
[Round "05"]
[TimeControl "180+1"]
[Date "2022.03.01"]
[WhiteClock "0:00:56"]
[BlackClock "0:00:03"]

1. d4 Nf6 2. c4 c5 3. d5 e6 4. Nc3 exd5 5. cxd5 d6 6. e4 g6 7. Bd3 Bg7 8. Nf3 Bg4 9. O-O O-O 10. Bf4 a6 11. a4 Re8 12. Re1 Qc7 13. h3 Bxf3 14. Qxf3 Nbd7 15. Bg5 Rab8 16. Bc2 b5 17. axb5 axb5 18. Ra6 Rb6 19. Rea1 Qb7 20. Ra7 Qb8 21. Qf4 Nh5 22. Qd2 Bd4 23. Rxd7 Rb7 24. Rxb7 Qxb7 25. g4 Ng7 26. Be3 Be5 27. f4 Bf6 28. Qe2 Bxc3 29. bxc3 c4 30. Bd4 Qxd5 31. Ra7 Qc6 32. e5 Ne6 33. Be4 1-0


[Site "https://www.chess.com"]

[Event "Titled Tuesday Blitz March 01 Early 2022"]
[White "Zainullina, Nataliya"]
[Black "Krylov, Ivan"]
[WhiteFideId "4145488"]
[BlackFideId "24128066"]
[WhiteElo "2043"]
[BlackElo "2258"]
[Result "1-0"]
[Round "05"]
[TimeControl "180+1"]
[Date "2022.03.01"]
[WhiteClock "0:00:26"]
[BlackClock "0:00:15"]

1. Nf3 d5 2. d4 Nf6 3. c4 e6 4. g3 Bb4+ 5. Bd2 Be7 6. Bg2 O-O 7. O-O b6 8. b3 Bb7 9. Qc2 c5 10. e3 Nbd7 11. Nc3 dxc4 12. bxc4 cxd4 13. exd4 Rc8 14. Qd3 Ba6 15. Nb5 Bxb5 16. cxb5 Nc5 17. Qe2 Nce4 18. Bf4 Bd6 19. Ne5 Nc3 20. Qd3 Ncd5 21. Nc6 Qc7 22. Be5 a5 23. Rfc1 Qd7 24. a4 Nb4 25. Qe2 Nfd5 26. Qg4 f5 27. Qg5 Rf7 28. Bf1 Nxc6 29. bxc6 Rxc6 30. Bb5 Bxe5 31. Bxc6 Bf6 32. Bxd7 Bxg5 33. Bxe6 Bxc1 34. Rxc1 Ne7 35. Rc7 Kf8 36. Bxf7 Kxf7 37. Rb7 Ke6 38. Rxb6+ Kd5 39. Rb7 Kxd4 40. Rxe7 1-0


[Site "https://www.chess.com"]

[Event "Titled Tuesday Blitz March 01 Early 2022"]
[White "Zanette, Edgard Vinicius"]
[Black "Ooi, Zhi Yang"]
[WhiteFideId "2109263"]
[BlackFideId "5709270"]
[WhiteElo "2182"]
[BlackElo "1802"]
[Result "0-1"]
[Round "05"]
[TimeControl "180+1"]
[Date "2022.03.01"]
[WhiteClock "0:00:19"]
[BlackClock "0:00:50"]

1. e4 e5 2. Nf3 Nc6 3. Bb5 g6 4. O-O Bg7 5. c3 a6 6. Ba4 Nge7 7. d4 exd4 8. cxd4 b5 9. Bb3 Na5 10. Bc2 O-O 11. Bg5 d6 12. h3 h6 13. Bf4 c5 14. dxc5 Nc4 15. cxd6 Nc6 16. Nc3 Nxb2 17. Qe1 Nb4 18. e5 Nxc2 19. Qe4 Bf5 20. Qe2 Bd3 21. Qd2 Nxa1 22. Rxa1 b4 23. Nd5 Be4 24. Ne7+ Kh7 25. Qxb2 Qxd6 26. exd6 Bxb2 27. Re1 f5 28. Nd2 Bc3 29. Re2 Bxd2 30. Rxd2 Rfd8 31. f3 Bb7 32. d7 Kg7 33. Bc7 Kf7 34. Bxd8 Rxd8 35. Nd5 Rxd7 36. Rb2 Bxd5 37. Rxb4 Rd6 38. Rd4 g5 39. Ra4 Kf6 40. Rd4 f4 41. Ra4 Be6 42. Kh2 Bd7 43. Ra5 Bb5 44. Ra3 Rd3 45. Ra5 Rd4 46. Ra3 Ra4 47. Rc3 Rxa2 48. Rc8 Bf1 49. Rc2 Rxc2 0-1


[Site "https://www.chess.com"]

[Event "Titled Tuesday Blitz March 01 Early 2022"]
[White "Zavgorodniy, Sergiy"]
[Black "Lou, Yiping"]
[WhiteFideId "14110148"]
[BlackFideId "8603928"]
[WhiteElo "2420"]
[BlackElo "2412"]
[Result "1/2-1/2"]
[Round "05"]
[TimeControl "180+1"]
[Date "2022.03.01"]
[WhiteClock "0:00:39"]
[BlackClock "0:00:16"]

1. e4 e5 2. Nf3 Nc6 3. Bb5 a6 4. Bxc6 dxc6 5. O-O Qf6 6. d3 Ne7 7. Bg5 Qg6 8. Bxe7 Bxe7 9. Nxe5 Qf6 10. f4 Be6 11. Nd2 g5 12. f5 Qxe5 13. fxe6 fxe6 14. Qh5+ Kd7 15. Nc4 Qd4+ 16. Kh1 Raf8 17. c3 Qg7 18. d4 Bd6 19. e5 Be7 20. Nd2 Rxf1+ 21. Rxf1 Rf8 22. Qe2 c5 23. Ne4 cxd4 24. cxd4 Rxf1+ 25. Qxf1 Qg6 26. Qe2 g4 27. g3 h5 28. Kg2 Qf5 29. Qd3 b6 30. a4 Kd8 31. Qe2 h4 32. gxh4 Bxh4 33. b3 Qf4 34. Qd3 Be7 35. Qe2 b5 36. axb5 axb5 37. Qd3 c6 38. Qe2 Ke8 39. Qd3 Kf7 40. Nf2 Kg7 41. Qe4 Qxe4+ 42. Nxe4 Kg6 43. Kg3 Kf5 44. Nd6+ Kg5 45. Ne4+ Kf5 46. Nd6+ Kg5 47. Ne4+ Kf5 1/2-1/2


[Site "https://www.chess.com"]

[Event "Titled Tuesday Blitz March 01 Early 2022"]
[White "Zheenbekov, Nurgazy"]
[Black "Goltseva, Ekaterina"]
[WhiteFideId "13800485"]
[BlackFideId "24173770"]
[WhiteElo "1959"]
[BlackElo "2140"]
[Result "1-0"]
[Round "05"]
[TimeControl "180+1"]
[Date "2022.03.01"]
[WhiteClock "0:00:07"]
[BlackClock "0:00:07"]

1. e4 e5 2. Nf3 Nc6 3. Bb5 a6 4. Ba4 Nf6 5. O-O Be7 6. Re1 b5 7. Bb3 d6 8. c3 O-O 9. h3 Nd7 10. d4 Bf6 11. Be3 Na5 12. Bc2 Nc4 13. Bc1 Bb7 14. b3 Ncb6 15. Bb2 exd4 16. cxd4 c5 17. Nbd2 cxd4 18. Bxd4 Ne5 19. Nxe5 Bxe5 20. Nf3 Nd7 21. Qd2 Qf6 22. Rad1 Rfd8 23. b4 Bxd4 24. Qxd4 Ne5 25. Nd2 d5 26. exd5 Rxd5 27. Qe4 Bc6 28. Qxh7+ Kf8 29. Ne4 Qh6 30. Qxh6 gxh6 31. Rxd5 Bxd5 32. Nf6 Nf3+ 33. gxf3 Bxf3 34. Nd7+ Kg7 35. Bb3 Rc8 36. Nc5 a5 37. a3 axb4 38. axb4 Kf6 39. Re3 Rg8+ 40. Kf1 Bh5 41. Nd7+ Kf5 42. Re5+ Kg6 43. Rxh5 Rd8 44. Rd5 Kg7 45. f4 f5 46. Ne5 Rc8 47. Rxb5 Rc1+ 48. Ke2 Rc3 49. Be6 h5 50. Bxf5 h4 51. Bg4 Kf6 52. Rb6+ Ke7 53. b5 Kd8 54. Rd6+ Ke7 55. Rd7+ Kf8 56. b6 Rc2+ 57. Kd3 Rb2 58. b7 Ke8 59. Rc7 Kd8 60. Rc8+ Ke7 61. b8=Q Rxb8 62. Rxb8 Kf6 63. Rb6+ Kg7 64. Ke4 Kh8 65. f5 Kg7 66. Rg6+ Kh8 67. Rh6+ Kg7 68. Rxh4 Kf6 69. Rh6+ Kg5 70. Rg6+ Kh4 71. Nf3+ Kg3 72. h4 1-0


[Site "https://www.chess.com"]

[Event "Titled Tuesday Blitz March 01 Early 2022"]
[White "Zhigalko, Sergei"]
[Black "Arabidze, Meri"]
[WhiteFideId "13502956"]
[BlackFideId "13604040"]
[WhiteElo "2662"]
[BlackElo "2329"]
[Result "1-0"]
[Round "05"]
[TimeControl "180+1"]
[Date "2022.03.01"]
[WhiteClock "0:00:25"]
[BlackClock "0:00:02"]

1. e4 c5 2. Nf3 e6 3. c3 Nf6 4. e5 Nd5 5. Bc4 Nc6 6. d4 cxd4 7. cxd4 d6 8. O-O Be7 9. Bd2 O-O 10. Nc3 Nb6 11. Bb3 Bd7 12. Qe2 Rc8 13. Rfe1 Na5 14. Bc2 Nac4 15. Bc1 g6 16. Bd3 dxe5 17. dxe5 Bc6 18. Bh6 Re8 19. Rad1 Qc7 20. Bxc4 Bxf3 21. Qxf3 Nxc4 22. Ne4 Qxe5 23. b3 Nb6 24. Nd6 Qxd6 25. Rxd6 Bxd6 26. Qxb7 Rc7 27. Qf3 Rec8 28. h4 Nd5 29. g3 Rc3 30. Qg4 Rc2 31. Rxe6 Bc5 32. Re2 Bb6 33. Qd7 R2c7 34. Qxd5 1-0


[Site "https://www.chess.com"]

[Event "Titled Tuesday Blitz March 01 Early 2022"]
[White "Zia, Tahsin Tajwar"]
[Black "Voege, Tobias"]
[WhiteFideId "10211888"]
[BlackFideId "1270513"]
[WhiteElo "1800"]
[BlackElo "2335"]
[Result "1-0"]
[Round "05"]
[TimeControl "180+1"]
[Date "2022.03.01"]
[WhiteClock "0:00:12"]
[BlackClock "0:00:18"]

1. d4 Nf6 2. Bf4 g6 3. Nc3 Bg7 4. e4 d6 5. Qd2 O-O 6. O-O-O c6 7. f3 a5 8. Bh6 Ne8 9. h4 f6 10. g4 b5 11. h5 g5 12. Bxg7 Nxg7 13. h6 Ne6 14. Nh3 b4 15. Ne2 Kh8 16. f4 gxf4 17. Nexf4 Rg8 18. Be2 Ng5 19. Nxg5 Rxg5 20. Rdg1 Na6 21. Nh3 Rg6 22. g5 Bxh3 23. Rxh3 Nc7 24. Rhg3 Qg8 25. e5 Qxa2 26. Qf4 Nd5 27. Qf5 Qa1+ 28. Kd2 Qxb2 29. gxf6 Qxd4+ 30. Bd3 Rxg3 31. Qxh7# 1-0


[Site "https://www.chess.com"]